 Dungeon Crawl Stone Soup version 0.30.0-29-ga12c61a403 (webtiles) character file.

Game seed: 14629121226346916799

3782 uvd540 the Basher (level 9, 0/82 HPs)
             Began as a Minotaur Berserker on June 6, 2023.
             Was an Elder of Trog.
             Slain by a two-headed ogre
             ... wielding a +0 giant club
              (1 damage)
             ... on level 8 of the Dungeon.
             The game lasted 01:25:45 (6563 turns).

uvd540 the Basher (Minotaur Berserker)              Turns: 6563, Time: 01:25:46

Health: 0/82       AC: 15    Str: 24    XL:     9   Next: 95%
Magic:  7/8        EV:  8    Int:  7    God:    Trog [****..]
Gold:   282        SH:  6    Dex: 12    Spells: 8/8 levels left

rFire   . . .        G - +0 hammer
rCold   + . .        K - +0 kite shield
rNeg    + . .        y - +0 plate armour
rPois   +            (helmet restricted)
rElec   +            (no cloak)
rCorr   .            w - +0 pair of gloves
SInv    .            (no boots)
Will    ++...        z - amulet of regeneration Stlth
                     i - ring of positive energy
HPRegen 2.13/turn    e - ring "Pypto" {rElec rPois rC+ Int+3}
MPRegen 0.11/turn

%: no passive effects
@: strong-willed, regenerating
A: horns 2, retaliatory headbutt
a: Renounce Religion, Berserk, Trog's Hand, Brothers in Arms


You were on level 8 of the Dungeon.
You worshipped Trog.
Trog was greatly pleased with you.
You visited 2 branches of the dungeon, and saw 9 of its levels.

You collected 394 gold pieces.
You spent 112 gold pieces at shops.

Inventory:

Hand Weapons
 G - a +0 hammer (weapon)
 J - a +0 antimagic sling
Missiles
 c - 6 poisoned darts (quivered)
Armour
 w - a +0 pair of gloves (worn)
 y - a +0 plate armour (worn)
 K - a +0 kite shield (worn)
Jewellery
 e - the ring "Pypto" (right hand) {rElec rPois rC+ Int+3}
   (You found it on level 3 of the Dungeon)

   [ring of poison resistance]

   Int:       It affects your intelligence (+3).
   rC:        It protects you from cold.
   rElec:     It insulates you from electricity.
   rPois:     It protects you from poison.
 i - a ring of positive energy (left hand)
 l - a ring of poison resistance
 z - an amulet of regeneration (around neck)
 F - a ring of protection from cold
Wands
 C - a wand of roots (8)
Scrolls
 b - a scroll of acquirement {unknown}
 f - 2 scrolls of enchant armour {unknown}
 j - 2 scrolls of amnesia
 k - 4 scrolls of fog
 m - 2 scrolls of blinking
 n - 2 scrolls of teleportation
 o - 3 scrolls of immolation
 s - 2 scrolls of fear {unknown}
 t - a scroll of noise {unknown}
 v - 3 scrolls of poison
 x - 2 scrolls of magic mapping {unknown}
 I - 3 scrolls of identify
Potions
 a - 2 potions of might
 d - 2 potions of lignification
 h - 2 potions of attraction
 p - a potion of heal wounds
 q - 2 potions of mutation
 r - a potion of berserk rage
 u - 2 potions of degeneration
 A - a potion of haste
 B - a potion of magic
 D - a potion of flight
 E - a potion of ambrosia {unknown}


   Skills:
 + Level 8.9 Fighting
 - Level 1.0 Short Blades
 + Level 9.0 Maces & Flails
 + Level 4.4 Throwing
 + Level 8.3 Armour
 + Level 7.6 Dodging


You had 8 spell levels left.
You didn't know any spells.
Your spell library contained the following spells:

 Spells                   Type           Power      Damage    Failure   Level
 Apportation              Tloc           0%         N/A       100%        1
 Beastly Appendage        Tmut           0%         N/A       100%        1
 Necrotise                Necr           0%         1d4       100%        1
 Summon Small Mammal      Summ           0%         N/A       100%        1
 Wereblood                Tmut           0%         N/A       100%        2
 Call Canine Familiar     Summ           0%         N/A       100%        3
 Portal Projectile        Hex/Tloc       0%         N/A       100%        3
 Spider Form              Tmut/Pois      0%         N/A       100%        3
 Summon Guardian Golem    Hex/Summ       0%         N/A       100%        3
 Leda's Liquefaction      Hex/Erth       0%         N/A       100%        4


Dungeon Overview and Level Annotations

Branches:
Dungeon (8/15)             Temple (1/1) D:4
   Lair: D:8-11

Altars:
Ashenzari
Cheibriados
Dithmenos
Elyvilon
Fedhas
Gozag
Hepliaklqana
Kikubaaqudgha
Makhleb
Nemelex Xobeh
Okawaru
Qazlal
Ru
Sif Muna
Trog
Uskayaw
Vehumet
Wu Jian
Xom
Yredelemnul
Zin
The Shining One

Shops:
D:5 !   D:6 *!   D:8 :

Annotations:
Temple 2 transporters


Innate Abilities, Weirdness & Mutations

You have a pair of horns on your head.
You reflexively headbutt those who attack you in melee.


Message History

The floor.
You sock the two-headed ogre!
The two-headed ogre is lightly wounded.
The two-headed ogre closely misses you.
The two-headed ogre completely misses you.
You barely miss the two-headed ogre.
The two-headed ogre is lightly wounded.
You hit the two-headed ogre but do no damage.
The two-headed ogre is lightly wounded.
The two-headed ogre barely misses you.
The two-headed ogre hits you with a +0 giant spiked club!
You hit the two-headed ogre but do no damage.
Your headbutt misses the two-headed ogre.
The two-headed ogre is lightly wounded.
The two-headed ogre hits you with a +0 giant club!
The two-headed ogre barely misses you.
You hit the two-headed ogre but do no damage.
The two-headed ogre is lightly wounded.
You barely miss the two-headed ogre.
The two-headed ogre is lightly wounded.
You block the two-headed ogre's attack.
The two-headed ogre hits you with a +0 giant spiked club!!
Press: ? - help, v - describe, . - travel
Here: a two-headed ogre, wielding a +0 giant club and a +0 giant spiked club (lightly wounded)
The floor.
You feel better.
The two-headed ogre hits you with a +0 giant club.
The two-headed ogre closely misses you.
Your skin crawls.
You feel strong-willed. You block the two-headed ogre's attack.
The two-headed ogre hits you with a +0 giant spiked club!!
You hit the two-headed ogre. You headbutt the two-headed ogre.
The two-headed ogre is moderately wounded.
You thump the two-headed ogre! You headbutt the two-headed ogre!
The two-headed ogre is severely wounded.
The two-headed ogre hits you with a +0 giant club!!
* * * LOW HITPOINT WARNING * * *
The two-headed ogre hits you with a +0 giant spiked club.
You die...

.# (# .
## .## #
..# #.#
#.# #.# .
... #O# #
#.. #@#
####..
#.# ..
..# #.#
.# #.#
#.#
.###.#
#.#
..##.#
#.#
..##)#
#.#
.....#
#######.#
#.##.#
#...))..#


You could see a two-headed ogre.

Vanquished Creatures
  Joseph (D:8)
  2 hornets (D:7)
  Grinder (D:5)
  Duvessa (D:5)
  2 ice beasts
  2 sky beasts (D:6)
  2 black bears
  2 orc warriors (D:7)
  3 ogres
  2 centaurs
  2 gnoll sergeants
  A bullfrog (D:7)
  3 scorpions (D:6)
  Dowan (D:5)
  3 killer bees (D:7)
  A vampire bat (D:3)
  2 howler monkeys (D:7)
  Crazy Yiuf (D:6)
  2 jellies
  An orc priest (D:6)
  6 hounds
  4 iguanas
  A sleepcap (D:4)
  Ijyb (D:5)
  Terence (D:3)
  4 orc wizards
  14 adders
  13 gnolls
  A shadow imp (D:5)
  A white imp (D:6)
  An ufetubus (D:7)
  4 worms
  2 dart slugs
  20 orcs
  8 endoplasms
  4 giant cockroaches
  8 goblins
  11 hobgoblins
  4 jackals (D:1)
  7 quokkas
  19 ball pythons
  15 bats
  3 frilled lizards
  7 kobolds
  5 rats
199 creatures vanquished.

Notes
Turn   | Place    | Note
-------+----------+-------------------------------------------
     0 | D:1      | uvd540 the Minotaur Berserker began the quest for the Orb.
     0 | D:1      | Reached XP level 1. HP: 19/19 MP: 0/0
   138 | D:1      | Reached skill level 4 in Maces & Flails
   138 | D:1      | Reached XP level 2. HP: 27/27 MP: 1/1
   332 | D:1      | Found a faded altar of an unknown god.
   930 | D:1      | Reached XP level 3. HP: 33/33 MP: 2/2
  1255 | D:2      | Reached ** piety under Trog
  1666 | D:2      | Reached XP level 4. HP: 41/41 MP: 3/3
  2211 | D:3      | Reached XP level 5. HP: 35/47 MP: 4/4
  2229 | D:3      | Reached skill level 5 in Maces & Flails
  2355 | D:3      | Reached skill level 5 in Fighting
  2426 | D:3      | Reached *** piety under Trog
  2492 | D:3      | Identified the ring "Pypto" {rElec rPois rC+ Int+3}
  2880 | D:3      | Noticed Terence
  2890 | D:3      | Killed Terence
  2891 | D:3      | Reached XP level 6. HP: 56/56 MP: 5/5
  3239 | D:4      | Reached skill level 1 in Short Blades
  3305 | D:5      | Entered Level 5 of the Dungeon
  3329 | D:5      | Found a burning altar of Makhleb.
  3366 | D:5      | Reached **** piety under Trog
  3437 | D:4      | Found a staircase to the Ecumenical Temple.
  3465 | Temple   | Entered the Ecumenical Temple
  3465 | Temple   | Found a transporter.
  3465 | Temple   | Found a transporter.
  3467 | Temple   | Found a transporter.
  3467 | Temple   | Found a transporter.
  4425 | D:5      | Reached XP level 7. HP: 48/62 MP: 6/6
  4473 | D:5      | Reached skill level 6 in Maces & Flails
  4473 | D:5      | Reached skill level 5 in Armour
  4485 | D:5      | Noticed Ijyb
  4492 | D:5      | Killed Ijyb
  4520 | D:5      | Noticed Dowan
  4546 | D:5      | Noticed Duvessa
  4557 | D:5      | Killed Duvessa
  4561 | D:5      | Killed Dowan
  4652 | D:5      | Found a sacrificial altar of Ru.
  4653 | D:5      | Found an iron altar of Okawaru.
  4666 | D:5      | Found Paumm's Distillery.
  4669 | D:5      | Found a glowing silver altar of Zin.
  4676 | D:5      | Found a stormy altar of Qazlal.
  4676 | D:5      | Found a shimmering altar of Xom.
  4684 | D:5      | Reached skill level 5 in Dodging
  4684 | D:5      | Found a bloodstained altar of Trog.
  4685 | D:5      | Found a broken altar of Ashenzari.
  4690 | D:5      | Found an ornate altar of the Wu Jian Council.
  4720 | D:5      | Bought a potion of heal wounds for 60 gold pieces
  4850 | D:5      | Noticed Grinder
  4860 | D:5      | Reached XP level 8. HP: 71/71 MP: 7/7
  4875 | D:5      | Killed Grinder
  4876 | D:5      | Reached skill level 7 in Maces & Flails
  5031 | D:6      | Reached skill level 1 in Throwing
  5178 | D:6      | Found Poreh's Fire Supplies.
  5286 | D:6      | Found a runed translucent door.
  5287 | D:6      | Noticed Crazy Yiuf
  5297 | D:6      | Killed Crazy Yiuf
  5372 | D:6      | Reached XP level 9. HP: 54/80 MP: 8/8
  5399 | D:6      | Found Vofebil's Distillery.
  5407 | D:6      | Bought a potion of might for 52 gold pieces
  5456 | D:7      | Noticed a +0 hand axe
  5456 | D:7      | Noticed a +0 hand axe
  5458 | D:7      | Found a hide-covered altar of Uskayaw.
  5534 | D:7      | Reached skill level 8 in Maces & Flails
  5896 | D:7      | Paralysed by a hornet for 2 turns
  6273 | D:8      | Found a hazy altar of Hepliaklqana.
  6330 | D:8      | Found Tatube's Book Shop.
  6488 | D:8      | Noticed Joseph
  6500 | D:8      | Killed Joseph
  6501 | D:8      | Reached skill level 9 in Maces & Flails
  6550 | D:8      | Noticed a two-headed ogre
  6563 | D:8      | HP: 1/82 [two-headed ogre/+0 giant club (29)]
  6563 | D:8      | Slain by a two-headed ogre

Illustrated notes

Levels and vault maps discovered:
D:1:      saegor_arrival_simple_e, layout_loops_ring,
          hellmonk_ecumenical_altar_zigzags, minmay_pentomino_q2
D:2:      layout_basic
D:3:      minmay_octagon_keep, layout_basic, corexii_corridor_pit,
          minmay_strange_pillars, roderic_batcave, corexii_leaking_fountain,
          minmay_snake_closets, uniq_terence
D:4:      layout_loops_corners, minmay_temple_entry_mist,
          cheibrodos_sewer_entry_bend, chequers_ossuary_entry_cave,
          dreamdust_wishing_well
D:5:      layout_rooms, lemuel_doored_altar, minitemple, serial_shops,
          nicolae_shop_industrial_runoff, uniq_ijyb, uniq_grinder, uniq_duvessa
D:6:      layout_rooms, serial_shops, shop, nicolae_shop_fire_sale
          [nicolae_sub_dead_trees], abandoned_shop, uniq_sigmund,
          uniq_crazy_yiuf_cottage
D:7:      layout_loops_ring, dancing_weapons_uskayaw, dreamdust_gnoll_farm
D:8:      layout_loops_cross, mainiacjoe_overflow_brackets, serial_shops, shop,
          uniq_joseph
Temple:   hellmonk_temple_divided_pantheon

Skill      XL: |  1  2  3  4  5  6  7  8  9 |
---------------+----------------------------+-----
Maces & Flails | 4 5 6 7 9 |  9.0
Fighting       | 4 5 6 7 8 |  8.9
Armour         | 3 4 5 7 8 |  8.3
Dodging        | 3 4 5 6 7 |  7.6
Short Blades   | 1 |  1.0
Throwing       | 2 4 |  4.4

Action                     |  1- 3 |  4- 6 |  7- 9 || total
---------------------------+-------+-------+-------++-------
  Melee: Mace              |    76 |   196 |   244 ||   516
         Headbutt          |    14 |    31 |    60 ||   105
         Punch             |       |     2 |     5 ||     7
         Dire flail        |       |       |    95 ||    95
  Throw: Throwing net      |     2 |     2 |       ||     4
         Dart              |       |     5 |    14 ||    19
 Invoke: Berserk           |       |     2 |     4 ||     6
         Trog's Hand       |       |     1 |     4 ||     5
    Use: Scroll            |     4 |     5 |     7 ||    16
         Potion            |       |     4 |     4 ||     8
 Armour: Animal skin       |     6 |       |       ||     6
         Ring mail         |     4 |       |       ||     4
         Scale mail        |    14 |   113 |   121 ||   248
         Leather armour    |     1 |       |       ||     1
         Chain mail        |       |       |    30 ||    30
         Plate armour      |       |       |    16 ||    16
  Dodge: Dodged            |    42 |   138 |   173 ||   353
  Block: Kite shield       |       |       |     2 ||     2
